 Dungeon Crawl Stone Soup version 0.30-a0-368-g86fb4627a9 (webtiles) character file.

Game seed: 8549587788665969544

25 SmokeWeed the Cudgeller (level 2, -1/22 HPs)
             Began as a Demonspawn Gladiator on Nov 18, 2022.
             Killed from afar by Natasha (8 damage)
             ... with a magic dart
             ... on level 2 of the Dungeon.
             The game lasted 00:04:07 (728 turns).

SmokeWeed the Cudgeller (Demonspawn Gladiator)       Turns: 728, Time: 00:04:08

Health: -1/22      AC:  6    Str: 14    XL:     2   Next: 86%
Magic:  2/2        EV: 11    Int: 15    God:
Gold:   25         SH:  0    Dex: 14    Spells: 1/1 levels left

rFire   . . .      SeeInvis .    t - +2 short sword (elec)
rCold   . . .      Faith    .    (no shield)
rNeg    . . .      Spirit   .    i - +0 ring mail
rPois   .          Reflect  .    c - +0 helmet
rElec   .          Harm     .    (no cloak)
rCorr   .          Rampage  .    (no gloves)
Will    .....                    (no boots)
Stlth   +.........               (no amulet)
HPRegen 0.23/turn                o - +6 ring of intelligence
MPRegen 0.08/turn                (no ring)

@: no status effects
A: claws 1
a: no special abilities


You were on level 2 of the Dungeon.
You visited 1 branch of the dungeon, and saw 2 of its levels.

You collected 25 gold pieces.

Inventory:

Hand Weapons
 a - a +0 flail
 l - a +0 whip
 t - a +2 short sword of electrocution (weapon)
Missiles
 d - 2 throwing nets (quivered)
 e - 3 javelins
 p - 2 poisoned darts
Armour
 b - a +0 leather armour
 c - a +0 helmet (worn)
 i - a +0 ring mail (worn)
Magical Staves
 j - a staff of conjuration
Jewellery
 o - a +6 ring of intelligence (left claw)
Scrolls
 f - a scroll of identify {unknown}
 g - a scroll of blinking {unknown}
 n - a scroll of enchant armour {unknown}
 s - a scroll of torment {unknown}
Potions
 h - a potion of flight {unknown}
 k - a potion of lignification {unknown}
 m - a potion of heal wounds {unknown}
 q - a potion of curing {unknown}
 r - a potion of brilliance {unknown}


   Skills:
 + Level 2.3 Fighting
 + Level 3.1 Maces & Flails
 + Level 2.0 Throwing
 + Level 3.0 Dodging


You had one spell level left.
You didn't know any spells.
Your spell library contained the following spells:

 Spells                   Type           Power      Damage    Failure   Level
 Beastly Appendage        Tmut           0%         N/A       50%         1
 Wereblood                Tmut           0%         N/A       63%         2
 Spider Form              Tmut/Pois      0%         N/A       86%         3


Dungeon Overview and Level Annotations

Branches:
Dungeon (2/15)

Altars:

Annotations:
D:2 Natasha


Innate Abilities, Weirdness & Mutations

You have sharp fingernails.


Message History

t - a +2 short sword of electrocution You hear the crackle of electricity.
t - a +2 short sword of electrocution (weapon)
You see here a rat skeleton.
You see here a hobgoblin skeleton.
There is a stone staircase leading down here.
You climb downwards.
Natasha hisses angrily.
The endoplasm quivers.
There is a stone staircase leading up here.
Okay, then.
Found a stone staircase leading down.
Natasha stares at you and mumbles some strange words.
The magic dart hits you. Natasha casts a spell at you. The magic dart hits you.
You hit the endoplasm.
The endoplasm is heavily wounded.
The endoplasm freezes you.
You are frozen.
* * * LOW HITPOINT WARNING * * *
You hit the endoplasm but do no damage.
The endoplasm is heavily wounded.
Natasha casts a spell.
The endoplasm hits you but does no damage.
You hit the endoplasm.
Lightning courses through the endoplasm!
You kill the endoplasm!
Throw: 3 throwing nets
Press: ? - help, Q - select action, (/) - cycle Shift-Dir - straight line, f - Natasha
Aim: Natasha (53% to hit)
You throw a throwing net. The throwing net hits Natasha.
Natasha is caught in the net!
Natasha struggles against the net.
You barely miss Natasha.
Natasha struggles against the net.
You hit Natasha.
Natasha is lightly wounded.
Natasha casts a spell at you. The magic dart hits you!
You die...

#.......#
##.......#
####........###
##.............#
#............#
#<......#
#...5...#
####h##...# #@#
... #...........
.....###.>.....
##.. ....... #.
#...... # #.....
###.# .#


You could see Natasha (caught) and a shadow imp (summoned).

Vanquished Creatures
  A dart slug (D:1)
  A bat (D:1)
  2 endoplasms
  3 giant cockroaches (D:1)
  4 hobgoblins (D:1)
  A quokka (D:1)
  A ball python (D:1)
  2 goblins (D:1)
  3 kobolds (D:1)
  3 rats (D:1)
21 creatures vanquished.

Notes
Turn   | Place    | Note
-------+----------+-------------------------------------------
     0 | D:1      | SmokeWeed the Demonspawn Gladiator began the quest for the
                  | Orb.
     0 | D:1      | Reached XP level 1. HP: 16/16 MP: 1/1
   341 | D:1      | Gained mutation: You have sharp fingernails. [demonic
                  | ancestry]
   341 | D:1      | Reached XP level 2. HP: 22/22 MP: 2/2
   715 | D:2      | Noticed Natasha
   728 | D:2      | Killed from afar by Natasha

Illustrated notes

Levels and vault maps discovered:
D:1:      pf_arrival_petrified_forest, layout_loops_cross
D:2:      layout_rooms, minmay_misc_feat_ornament, uniq_natasha,
          uniq_crazy_yiuf_cottage, uniq_sigmund

Skill      XL: |  1  2 |
---------------+-------+-----
Maces & Flails | 3 |  3.1
Dodging        | 3 |  3.0
Throwing       | 2 |  2.0
Fighting       | |  2.3

Action                   || total
-------------------------++-------
Melee: Flail             ||    49
       Short sword       ||     5
Throw: Throwing net      ||     1
Armor: Ring mail         ||    23
Dodge: Dodged            ||    35

Table legend: (Time is in decaauts)
 A = Elapsed time spent in this place.
 B = Non-inter-level travel time spent in this place.
 C = Inter-level travel time spent in this place.
 D = Time resting spent in this place.
 E = Time spent auto-exploring this place.
 F = Levels seen in this place.
 G = Mean time per level.
                   A        B        C        D        E       F      G
               +--------+--------+--------+--------+--------+-----+--------+
         Total |    739 |    687 |     52 |      0 |    530 |   2 |  369.5 |
       Dungeon |    739 |    687 |     52 |      0 |    530 |   2 |  369.5 |
               +--------+--------+--------+--------+--------+-----+--------+

Top non-repeatable levels by time:
     D:1: 726 daAuts
     D:2: 12 daAuts
